[Event "Bangabandhu Premier Div League 2022"]
[Site "Dhaka"]
[Date "2022.12.03"]
[Round "4.12"]
[White "Zia, Tahsin Tajwar"]
[Black "Asif, Mahmud"]
[Result "1-0"]
[ECO "E07"]
[WhiteElo "2241"]
[BlackElo "1926"]
[Annotator "TA"]
[PlyCount "69"]
[EventDate "2022.11.30"]
[EventType "team-tourn"]
[EventCountry "BAN"]
[SourceTitle "playchess.com"]
[Source "ChessBase"]
[SourceQuality "1"]
[TimeControl "40/5400+30:1800+30"]

1. d4 Nf6 2. c4 e6 3. g3 d5 4. Bg2 Be7 5. Nf3 O-O 6. O-O c6 7. Nc3 Nbd7 8. Qd3 b6 9. e4 dxe4 {[%emt 0:02:20] E07: Closed Catalan: Main Line (5 Nf3 0-0 6 0-0 Nbd7).} 10. Nxe4 Bb7 {[%emt 0:02:50] 10...Bb7 is better than 10...Nxe4.} 11. Nc3 {[%emt 0:04:49] [#]} Rc8 $146 {[%emt 0:08:41] The position is equal.} ({Predecessor:} 11... c5 12. d5 exd5 13. cxd5 Bd6 14. Qc2 a6 15. b3 b5 16. Bb2 b4 17. Ne4 Nxe4 18. Qxe4 {1-0 (38) Svane,R (2628)-Schwabeneder,F (2439) Austria 2022}) 12. Rd1 Bd6 13. Ng5 h6 14. Nge4 Bb8 15. c5 Nxe4 (15... Nd5 $11 {remains equal.}) 16. Nxe4 $16 Nf6 17. Nxf6+ $1 Qxf6 18. b4 e5 19. Bb2 Rcd8 (19... bxc5 $16 20. dxc5 (20. bxc5 Rce8 $16) 20... Rcd8) 20. dxe5 $18 Bxe5 (20... Qe7 {was worth a try.} 21. Qc3 Rfe8) 21. Bxe5 Qxe5 22. Qxd8 Rxd8 23. Rxd8+ Kh7 24. Rad1 bxc5 $2 (24... Ba6 25. Bxc6 (25. cxb6 axb6 26. Bxc6 Bc4 $16) 25... Bc4) 25. bxc5 (25. Bf1 $142) 25... Ba6 26. Bxc6 {[%emt 0:03:27] Black must now prevent Bd5.} Qxc5 27. Be4+ g6 {[%emt 0:01:07] [#]} 28. R8d7 (28. Bxg6+ $1 $16 Kg7 29. Bd3) 28... Bc4 {[%emt 0:02:07] [#]} (28... Be2 $1 $14) 29. Bd5 $1 $16 {[%emt 0:07:48] White has more active pieces.} Bxd5 30. R1xd5 {[%emt 0:00:07] KQ-KRR} Qc1+ 31. Rd1 Qc4 32. Rxa7 {[%emt 0:00:53] h4 is the strong threat.} Kg7 $2 (32... h5 {is more resistant.} 33. h4 g5) 33. h4 $18 {[%emt 0:00:29] White is clearly winning.} g5 34. hxg5 hxg5 35. Rdd7 {[%emt 0:00:16] Weighted Error Value: White=0.23 (precise) /Black=0.45} 1-0

[Event "Bangabandhu Premier Div League 2022"]
[Site "Dhaka"]
[Date "2022.12.04"]
[Round "5.1"]
[White "Mendonca, Leon Luke"]
[Black "abzid, Rahman"]
[Result "1/2-1/2"]
[ECO "D36"]
[WhiteElo "2565"]
[BlackElo "2043"]
[Annotator "TA"]
[PlyCount "144"]
[EventDate "2022.12.01"]
[EventCountry "BAN"]
[SourceTitle "playchess.com"]
[Source "ChessBase"]
[SourceQuality "1"]
[TimeControl "40/5400+30:1800+30"]

1. d4 d5 2. c4 e6 3. Nc3 Nf6 4. cxd5 exd5 5. Bg5 Be7 6. e3 O-O 7. Bd3 c6 8. Nf3 Nbd7 9. h3 Re8 10. O-O Nf8 11. Qc2 g6 12. Bxf6 Bxf6 13. b4 Ne6 14. Rab1 {[%emt 0:00:30] D36: Queen's Gambit Declined: Exchange Variation: Main line (5 Bg5 c6 6 Qc2).} Bg7 15. Rfd1 Ng5 16. Nxg5 {[%emt 0:00:00] The position is equal.} Qxg5 {[%emt 0:00:30] [#]} 17. Kh1 $146 ({Predecessor:} 17. Kh2 f5 18. f4 Qd8 19. Re1 Re6 20. Re2 Qe7 21. Qb3 Kf8 22. Rbe1 a6 23. a4 Bd7 24. a5 Re8 25. Nd1 {0-1 (51) Allan,P (2225)-Wu,H (2225) Victoria 2015}) 17... Qh4 18. Kg1 Qg5 19. Kf1 Qf6 20. Re1 Qh4 21. Ne2 (21. b5 $5) 21... a6 22. a4 Bf8 23. Ng1 (23. b5 $5) 23... Bd7 24. Nf3 Qh6 25. b5 axb5 (25... cxb5 {feels hotter.} 26. Qc7 Bc8 27. Qa5 Qh5) 26. axb5 Bxh3 27. gxh3 Qxh3+ 28. Ke2 Rxe3+ $2 29. fxe3 $2 (29. Kxe3 $18 {and the rest is easy.} c5 30. Ke2 (30. dxc5 Bh6+ 31. Ke2 Re8+ 32. Kd1 Qxf3+ 33. Be2 Qxf2 $14)) 29... Ra2 $16 30. Rg1 {[%emt 0:01:00] Inhibits Qg2+.} Rxc2+ 31. Bxc2 c5 32. Kf2 (32. dxc5 $1 $14 Bxc5 33. Rbd1) 32... Kg7 33. Rh1 Qc8 34. Bd3 c4 35. Bc2 Bd6 36. e4 (36. Rbg1 $1 $11 Qd7 37. Rb1) 36... dxe4 $17 37. Bxe4 b6 38. Bc6 (38. Rbe1 $1 $15) 38... Qf5 {[%emt 0:00:30][%mdl 1024] aiming for ...Qc2+. Black has strong compensation.} 39. Rbc1 {[%emt 0:00:30] Prevents Qc2+.} Qd3 40. Rhd1 Qb3 41. Ne5 c3 $1 42. Be4 Qa4 (42... h5 $1 $17 43. Re1 Qxb5) 43. Nf3 (43. Ke3 $15 {deserves consideration.}) 43... Bf4 $1 44. Rc2 {[%emt 0:00:30] [#]} Qxb5 (44... h5 $1 $17 45. Rg1 Qc4) 45. Rxc3 $15 Qb2+ 46. Rc2 Qb3 47. Bd3 b5 48. Ne1 (48. Ng1 $17) 48... b4 $19 49. Ra1 (49. Nf3 $142) 49... Qd5 (49... h5 $19 {and Black stays clearly on top. White must now prevent ...h4.} 50. Rd1 h4) 50. Nf3 $17 Qb3 $2 (50... g5 $17 {Strongly threatening ...g4.} 51. Re2 h5) 51. Ne1 $1 $19 ({Don't blunder} 51. Ke2 $2 Qe6+ 52. Kd1 Qe3 $19) 51... Qe6 52. Re2 Qg4 {[%emt 0:00:00] Threatens to win with ...Bg3+.} 53. Be4 (53. Kf1 {is a better defense.}) 53... Qg3+ 54. Kf1 Be3 55. Bg2 Bxd4 56. Rd1 Qf4+ 57. Nf3 (57. Bf3 $142 Bc3 58. Rf2) 57... Bc5 58. Rc2 Qe3 59. Re2 Qf4 60. Rc2 Be7 {[%emt 0:01:00] Hoping for ...b3.} 61. Rd4 Qb8 62. Re2 $2 {[%emt 0:00:30] Against b3} (62. Rd3 $17) 62... Bf6 63. Rd7 b3 {[%emt 0:00:30] And now ...b2 would win.} 64. Nd2 b2 ({Don't go for} 64... Qb5 $2 65. Rb7 Qf5+ 66. Rf2 Qd3+ 67. Re2 $19) 65. Bd5 $2 (65. Rb7 Qg3 66. Bd5) 65... b1=Q+ ({Not} 65... b1=B 66. Rxf7+ Kh6 67. Rxf6 $11) 66. Nxb1 Qxb1+ 67. Kg2 Qb5 68. Rxf7+ Kh6 69. Bf3 Qg5+ 70. Kh3 Qh4+ 71. Kg2 Qg5+ 72. Kh3 $1 Qh4+ $2 {[%emt 0:00:08] What a bad dream for White.   Weighted Error Value: White=0.29 (precise) /Black=0.41} ({Black should play} 72... Be5 $19 73. Bg4 {[#]} Qc1 $1) 1/2-1/2

[Event "Bangabandhu Premier Div League 2022"]
[Site "Dhaka"]
[Date "2022.12.04"]
[Round "5.1"]
[White "Aaryan Varshney"]
[Black "Rahman, Ziaur"]
[Result "1/2-1/2"]
[ECO "D37"]
[WhiteElo "2312"]
[BlackElo "2464"]
[Annotator "TA"]
[PlyCount "49"]
[EventDate "2022.11.30"]
[EventType "team-tourn"]
[EventCountry "BAN"]
[SourceTitle "playchess.com"]
[Source "ChessBase"]
[SourceQuality "1"]
[TimeControl "40/5400+30:1800+30"]

1. d4 d5 2. c4 e6 3. Nc3 a6 4. cxd5 exd5 5. Nf3 Nf6 6. Bg5 {[%emt 0:00:05] D37: Queen's Gambit Declined: 5 Bf4.} Be6 7. e3 Nbd7 8. Bd3 {[%emt 0:00:09] White is slightly better.} c6 9. O-O Bd6 {[%emt 0:00:04] Inhibits Ne5.} 10. Bf4 Qc7 11. Bxd6 Qxd6 12. h3 O-O 13. Qc2 g6 14. Rac1 a5 {[%emt 0:02:53] [#]} 15. Na4 $146 ({Predecessor:} 15. Rfe1 Rfe8 16. a3 Nb6 17. Ne5 Nfd7 18. f4 f6 19. Nf3 Bf7 20. f5 Kg7 21. Qf2 {1-0 (93) Cheparinov,I (2660)-Niemann,H (2478) Sitges 2020}) 15... Qe7 16. Nc5 Rfb8 17. Rfe1 Nxc5 18. Qxc5 Qd8 {[%emt 0:02:22] The position is equal.} 19. b3 Ne4 20. Qc2 Nd6 21. Ne5 Qg5 22. Nf3 Qf6 23. Ne5 Qg5 24. Nf3 Qf6 25. Ne5 {[%emt 0:00:07] An uneventful encounter.   Weighted Error Value: White=0.04 (flawless) /Black=0.05 (flawless)} 1/2-1/2

[Event "Bangabandhu Premier Div League 2022"]
[Site "Dhaka"]
[Date "2022.12.04"]
[Round "5.2"]
[White "Chanda, Sandipan"]
[Black "Alam, Monjur"]
[Result "1-0"]
[ECO "E73"]
[WhiteElo "2474"]
[BlackElo "1848"]
[Annotator "TA"]
[PlyCount "67"]
[EventDate "2022.11.30"]
[EventType "team-tourn"]
[EventCountry "BAN"]
[SourceTitle "playchess.com"]
[Source "ChessBase"]
[SourceQuality "1"]
[TimeControl "40/5400+30:1800+30"]

1. d4 Nf6 2. c4 g6 3. Nc3 Bg7 4. e4 d6 5. Be2 O-O 6. Bg5 Nc6 7. d5 Nb4 {[%emt 0:03:47][%cal Bc6b4,Bb4a6,Ba6c7][%mdl 32] E73: King's Indian: Averbakh Variation without 6...c5.} 8. Nf3 c5 ({Better is} 8... a5 $14) 9. h3 {[%emt 0:02:37] [#]} h6 $146 {[%emt 0:04:28] White is better.} ({Predecessor:} 9... Nd7 10. Qd2 Ne5 11. Nh2 Re8 12. a3 Na6 13. O-O Nb8 14. f4 Ned7 15. Bd3 Nf8 {1-0 (23) Herrera,J (2273)-Zuluaga A,E (2090) Boyaca 2022}) 10. Be3 Ne8 11. a3 Na6 12. Qd2 Kh7 13. O-O {[%emt 0:01:54] White is more active.} Bd7 14. Rab1 (14. Bf4 $142) 14... b6 15. b4 Rb8 16. b5 Nac7 17. Nh2 e5 18. f4 (18. Bd3 $16) 18... Qe7 (18... exf4 $1 $14 19. Bxf4 Qf6) 19. f5 g5 20. h4 Bf6 (20... gxh4 $142 21. Ng4 h5) 21. Ng4 $18 Rg8 22. Kf2 gxh4 23. Bxh6 Bg5 24. Bxg5 Qxg5 25. Qxg5 {[%emt 0:00:27] Dancing on a razor blade.} Rxg5 26. Rh1 Kg7 27. Rxh4 Nf6 28. Nxf6 Kxf6 29. Rh6+ Ke7 30. f6+ {[%emt 0:00:05] White is clearly winning.} Kf8 31. Bh5 {[%emt 0:01:39] [#] Rh8+ is the strong threat.} Rg8 {[%emt 0:05:48] Inhibits Rh8.} 32. Rh7 Be8 33. Nd1 a6 34. bxa6 {[%emt 0:02:06] Weighted Error Value: White=0.13 (very precise) /Black=0.45} 1-0

[Event "Bangabandhu Premier Div League 2022"]
[Site "Dhaka"]
[Date "2022.12.04"]
[Round "5.2"]
[White "Aradhya, Garg"]
[Black "Iniyan, P."]
[Result "1/2-1/2"]
[ECO "E67"]
[WhiteElo "2289"]
[BlackElo "2534"]
[Annotator "TA"]
[PlyCount "136"]
[EventDate "2022.12.01"]
[EventCountry "BAN"]
[SourceTitle "playchess.com"]
[Source "ChessBase"]
[SourceQuality "1"]
[TimeControl "40/5400+30:1800+30"]

1. d4 Nf6 2. c4 g6 3. Nf3 Bg7 4. g3 O-O 5. Bg2 d6 6. Nc3 Nbd7 7. d5 Nb6 8. Nd2 e5 9. O-O a5 {[%emt 0:00:00] E67: King's Indian: Fianchetto: 6...Nbd7.} 10. b3 {[%emt 0:00:00] [#]} e4 $146 ({Predecessor:} 10... Bf5 11. h3 a4 12. b4 e4 13. Ba3 e3 14. fxe3 Nh5 15. Rc1 Nxg3 16. Rf3 Qg5 17. h4 Qxh4 {1-0 (41) Weenink,H-Marshall,F Liege 1930}) 11. Qc2 {[%emt 0:01:30] Against e3} Re8 12. e3 c6 13. Bb2 (13. Bxe4 $2 Nxe4 14. Ndxe4 cxd5 15. cxd5 Rxe4 $1 16. Nxe4 Bxa1 $19) 13... cxd5 14. cxd5 Bf5 15. Nc4 Rc8 ({Don't play} 15... Nbxd5 16. Nxd5 Nxd5 17. Bxg7 Kxg7 18. Rad1 $14) 16. Nb5 Qe7 (16... Nfxd5 $2 17. Bxg7 Nxc4 18. bxc4 $16) 17. Nbxd6 (17. Rfc1 {keeps more tension.} Nxc4 18. bxc4 Ng4 19. Bxg7 Kxg7 20. Qc3+) 17... Qxd6 (17... Nbxd5 $2 18. Qd2 $18 (18. Nxc8 Rxc8 19. Qd2 Ra8 $18)) 18. Nxd6 {[%emt 0:00:00][%cal Bc4d6,Bd6e8,Be8c7][%mdl 96] Discovered Attack} Rxc2 19. Bxf6 Bxf6 20. Nxe8 Be5 (20... Bxa1 $14 21. Rxa1 Nxd5) 21. Rfc1 Rd2 {[%emt 0:00:00] [#]} 22. Rab1 $1 Rxa2 (22... Kf8 $16) 23. Nc7 Rd2 24. h3 h5 {[%emt 0:00:00] Against g4} 25. Nb5 Rxd5 26. Nc3 Bxc3 27. Rxc3 Nd7 28. Rc4 Nc5 29. b4 axb4 30. Rcxb4 Rd2 {[%emt 0:01:00] [#]} 31. R4b2 $1 Rd5 32. Bf1 Bd7 33. Bc4 Re5 34. h4 Bc6 35. Bb5 Nd3 36. Rb3 ({White should play} 36. Bxd3 exd3 37. Ra1) 36... Kg7 $16 37. Bxc6 bxc6 {[%emt 0:00:00][%cal Bb7c6,Bc6c5,Bc5c4][%mdl 4128] Endgame KRR-KRN} 38. Rc3 c5 39. f3 (39. Rc4 $16) 39... c4 $1 $14 40. Kg2 ({Reject} 40. Rxc4 exf3 41. e4 Ra5 $11) (40. fxe4 $14 Rxe4 41. Kg2) 40... exf3+ $11 41. Kxf3 Rf5+ 42. Kg2 Rf2+ 43. Kg1 {[%emt 0:19:04][%cal Oc3d3] aiming for Rxd3!} Rf3 44. Kg2 Rf2+ 45. Kg1 {[%emt 0:00:30][%cal Oc3d3] Hoping for Rxd3!} Rf3 46. Kg2 Rxe3 (46... Rf2+ $11 47. Kg1) 47. Rxc4 $14 Re2+ 48. Kf3 Ra2 {[%emt 0:00:00] ...Ne5+ is the strong threat.} 49. Re4 {[%emt 0:00:00] Prevents Ne5+.} Ra5 50. Ke2 Ne5 51. Rb2 Ng4 52. Rf4 Re5+ 53. Kf1 Ne3+ 54. Kg1 Ra5 55. Rb7 Nf5 56. g4 (56. Rf3 $14) 56... hxg4 $11 {[%emt 0:00:00] The position is equal.} 57. Rxg4 (57. Rb2 {is interesting.} Ra1+ 58. Kf2 g3+ 59. Kg2) 57... Ra1+ 58. Kf2 Rh1 59. Rbb4 Rh3 60. Rbf4 Kh6 61. Kg1 Ne3 62. Rg5 f5 63. Rd4 (63. Ra4 $5 ) 63... Ng4 64. Rgxg4 fxg4 65. Rxg4 Kh5 66. Rg5+ Kxh4 67. Rxg6 Rg3+ 68. Rxg3 Kxg3 {[%emt 0:00:03] Black defended with fortune.   Weighted Error Value: White=0.12 (very precise) /Black=0.12 (very precise)} 1/2-1/2

[Event "Bangabandhu Premier Div League 2022"]
[Site "Dhaka"]
[Date "2022.12.04"]
[Round "5.3"]
[White "Kushagra Mohan"]
[Black "Harsha Bharathakoti"]
[Result "0-1"]
[ECO "C07"]
[WhiteElo "2390"]
[BlackElo "2582"]
[Annotator "TA"]
[PlyCount "109"]
[EventDate "2022.11.30"]
[EventType "team-tourn"]
[EventCountry "BAN"]
[SourceTitle "playchess.com"]
[Source "ChessBase"]
[SourceQuality "1"]
[TimeControl "40/5400+30:1800+30"]

1. e4 e6 2. d4 d5 3. Nd2 c5 4. exd5 Qxd5 5. Ngf3 cxd4 6. Bc4 Qd8 7. O-O Nc6 8. Nb3 {[%emt 0:00:07][%cal Rb3d4][%mdl 1024] White has compensation.} a6 {[%emt 0:00:11] C07: French Tarrasch: 3...c5, 4 Ngf3 and 4 exd5 Qxd5.} 9. a4 Nf6 10. Qe2 (10. Nbxd4 {simplifies} Nxd4 11. Qxd4 Qxd4 12. Nxd4 Bd7 13. Bf4) 10... Bd6 {[%emt 0:03:45] The position is equal.} 11. Rd1 Qe7 12. Nbxd4 Nxd4 13. Rxd4 e5 {[%emt 0:05:47] [#]} 14. Rxd6 Qxd6 15. b3 $1 {[%emt 0:00:03][%cal Oc1a3] And now Ba3! would win.} ({Reject} 15. Qxe5+ Qxe5 16. Nxe5 Be6 $15) 15... Be6 16. Ba3 {[%emt 0:07:45] Prevents e4.} Bxc4 17. Qxc4 Qd5 18. Qxd5 ({Of course not} 18. Qc7 Nd7 19. c4 Qc6 $17) (18. Qc3 $1 $11 Nd7 19. Qe1) 18... Nxd5 $15 19. Nxe5 {[%emt 0:00:08] aiming for Re1.} f6 $36 {[%emt 0:09:57][%mdl 2048] Black is more active.} 20. Nc4 b5 21. axb5 axb5 22. Nd6+ Kd7 23. Nxb5 Kc6 24. c4 {[%emt 0:04:22] [#] Nd4+ is the strong threat.} Nc7 $1 25. Nd4+ {[%emt 0:03:07] [#]} Kb6 $146 ({Predecessor:} 25... Kb7 26. h4 g6 27. g3 f5 28. Kg2 Rhe8 29. h5 Re4 30. Bb2 Rxa1 31. Bxa1 Ne6 32. hxg6 hxg6 33. Nxe6 Rxe6 {½-½ (38) Narayanan,S (2476)-Sedlak,N (2518) Palic 2016}) 26. Kf1 Rhd8 27. c5+ Kb7 {[%emt 0:00:04] Black is more active.} 28. Bb2 Rxa1+ 29. Bxa1 $17 {[%emt 0:00:00][%mdl 4096] Endgame KRN-KBN} Na6 30. c6+ Kb6 31. Bc3 Re8 32. b4 Nc7 33. Bd2 Nd5 34. f3 {[%emt 0:03:09] Prevents Re4.} g6 35. Kf2 Ne7 ({Better is} 35... Ra8 36. Ke2 Ra4) 36. b5 (36. Be3 $17 {was necessary.}) 36... Nd5 $19 37. h4 (37. Bc1 {is a better defense.}) 37... Kc5 {[%emt 0:00:12][%mdl 64] Deflection} 38. Ne2 Kxb5 39. h5 Kxc6 40. hxg6 hxg6 41. Nf4 Nxf4 42. Bxf4 {[%emt 0:00:00] KR-KB} Kd5 43. Kg3 $2 (43. Be3) 43... Kd4 $2 (43... Re2 44. Bc7 Ke6) 44. Bc1 $2 (44. Kf2 $19) 44... Kd3 $2 (44... Re2 {mates} 45. Bf4 Rc2 46. Bh6 Kd3 47. Bf8 f5 48. Be7 Ke3 49. Bd6 Rc4 50. f4 Ke2 51. Kh3 Rc3+ 52. Kh2 Kf2 53. Be5 Rd3 54. Bf6 Rd7 55. Bh4+ Kf1 56. Bf6 Kf2 57. Bh4+ Kf1 58. Bf6 Rd2 59. Kg3 Rxg2+ 60. Kf3 Rd2 61. Kg3 Rd3+ 62. Kh4 Kf2 63. Kg5 Rg3+ 64. Kh6 Ke3 65. Kh7 Kxf4 66. Kg7 Ke4 67. Bh4 Rg2 68. Kg8 f4 69. Kg7 g5 70. Be1 f3 71. Kf8 g4 72. Bh4 f2 73. Bxf2 Rxf2+ 74. Ke8 g3 75. Ke7 g2 76. Ke8 g1=Q 77. Ke7 Qg7+ 78. Kd6 Rc2 79. Ke6 Rc6#) 45. Bb2 $2 (45. Kf2 $19) 45... Re6 {[%emt 0:00:00] Black mates.} 46. Kf4 Rb6 47. Ba3 Ke2 48. Be7 Re6 49. Bc5 Rc6 50. Bd4 Rc4 51. Ke4 {[%emt 0:00:00] [#]} Rxd4+ $1 52. Kxd4 Kf2 53. f4 Kxg2 54. Ke4 f5+ 55. Kd4 {[%emt 0:25:05] Weighted Error Value: White=0.48/Black=0.32} 0-1

[Event "Bangabandhu Premier Div League 2022"]
[Site "Dhaka"]
[Date "2022.12.04"]
[Round "5.3"]
[White "Reefat, Bin-Sattar"]
[Black "Sankalan Shah"]
[Result "1-0"]
[ECO "B20"]
[WhiteElo "2367"]
[BlackElo "2218"]
[Annotator "TA"]
[PlyCount "78"]
[EventDate "2022.12.01"]
[EventCountry "BAN"]
[SourceTitle "playchess.com"]
[Source "ChessBase"]
[SourceQuality "1"]
[TimeControl "40/5400+30:1800+30"]

1. e4 c5 2. b3 d6 3. Bb2 Nf6 4. Bb5+ Bd7 5. Bxd7+ Nbxd7 (5... Kxd7 6. e5 dxe5 7. Nf3 $14) 6. d3 {[%emt 1:31:14] B20: Sicilian: Unusual White 2nd moves.} e5 {[%emt 0:01:30] [#]} 7. Nh3 $146 ({Predecessor:} 7. Ne2 g6 8. O-O Bg7 9. f4 exf4 10. Nxf4 O-O 11. Nc3 Nb6 12. a4 Qd7 13. Qb1 a5 {½-½ (27) Sudakova,I (2392)-Gaponenko,I (2448) Predeal 2006}) 7... Qc7 8. Nc3 {[%emt 0:00:30] White is slightly better.} Be7 9. f4 a6 10. a4 Nb8 11. O-O Nc6 12. Nd5 Nxd5 {[%emt 0:01:00] This costs Black the game.} (12... Qd8 $1 $14) 13. exd5 $18 Nb8 (13... Nb4 $142 14. Qf3 Nxc2) 14. fxe5 dxe5 15. Qh5 $1 Bf6 16. Rae1 Nd7 17. Ng5 g6 18. Qh6 {[%emt 0:01:00][%cal Of1f6] Rxf6! is the strong threat.} Bxg5 19. Qxg5 O-O 20. Bxe5 Qb6 21. Bc3 $40 {[%emt 0:01:00][%mdl 128] White goes for the king.} Rae8 22. Rxe8 Rxe8 23. Qf4 f6 24. a5 ({Weaker is} 24. Bxf6 Rf8 25. d6 Rxf6 26. Qc4+ Kg7 27. Rxf6 Nxf6 $17) 24... Qd8 25. Qd6 ({Don't do} 25. Bxf6 $6 Nxf6 26. Qxf6 Qxd5 $16) 25... Qe7 26. Qxe7 Rxe7 {[%emt 0:00:01][%mdl 4096] Endgame KRB-KRN} 27. Kf2 Kf7 28. h3 f5 (28... b5 $142 29. b4 cxb4 30. Bxb4 Re5) 29. Re1 Rxe1 30. Bxe1 {[%emt 0:00:30] KB-KN} ({Less strong is} 30. Kxe1 Nf6 $16) 30... Nf6 31. c4 Ke7 32. Kf3 {Strongly threatening Bh4.} Nd7 33. Kf4 {[%emt 0:00:00] Prevents Ne5. White is clearly winning.} h6 34. Bc3 Kf7 35. g3 Kg8 36. d4 {[%emt 0:00:00] Threatens to win with b4.} Nf6 37. dxc5 Ne4 {[%emt 0:00:54] [#]} 38. c6 $1 bxc6 {[%emt 0:00:02] [#]} 39. dxc6 $1 {[%emt 0:01:00][%cal Of4e5] White wants to mate with Ke5!} Nd6 {[%emt 0:02:04] Weighted Error Value: White=0.12 (very precise) /Black=0.39} (39... Kf7 40. c7) 1-0

[Event "Bangabandhu Premier Div League 2022"]
[Site "Dhaka"]
[Date "2022.12.04"]
[Round "5.4"]
[White "Mehdi Hasan Parag"]
[Black "Jabed Al Azad"]
[Result "1/2-1/2"]
[ECO "B12"]
[WhiteElo "2185"]
[BlackElo "2084"]
[Annotator "TA"]
[PlyCount "100"]
[EventDate "2022.11.30"]
[EventType "team-tourn"]
[EventCountry "BAN"]
[SourceTitle "playchess.com"]
[Source "ChessBase"]
[SourceQuality "1"]
[TimeControl "40/5400+30:1800+30"]

1. e4 c6 2. d4 d5 3. e5 Bf5 4. Nd2 e6 5. Nb3 Nd7 6. Nf3 Ne7 {[%emt 0:01:05] 6...Qc7 is the modern continuation. B12: Caro-Kann: Advance Variation.} 7. Be2 c5 8. c3 Nc6 9. O-O Be7 10. dxc5 Nxc5 {[%emt 0:03:48] [#]} 11. Nxc5 $146 ({Predecessor:} 11. Nbd4 Bg4 12. Bb5 Rc8 13. b4 Bxf3 14. Qxf3 Ne4 15. Qd3 O-O 16. Nxc6 bxc6 17. Ba6 {0-1 (60) Kiseleva,E (1617)-Popova,D (1505) Saratov 2014}) 11... Bxc5 12. b4 Bb6 13. b5 Ne7 14. Ba3 Rc8 15. Rc1 O-O 16. Nd4 Bc5 (16... Re8 $15) 17. Bxc5 $11 Rxc5 18. Qd2 h6 19. Qe3 {[%emt 0:01:04] Strongly threatening Nxf5.} Qb6 20. g4 Be4 21. f3 Bg6 22. f4 Rfc8 23. Rf3 (23. f5 exf5 24. h4 (24. gxf5 Bxf5 25. Rf2 Be4 $17) (24. Nxf5 $2 Nxf5 25. gxf5 Bxf5 $19) 24... fxg4 25. Bxg4 Rf8 $17) (23. h4 $11) 23... Be4 $15 24. Rg3 R5c7 25. a4 (25. h4 $1 $11) 25... h5 (25... Qa5 $15) 26. a5 (26. gxh5 $11 Qa5 27. c4 (27. h6 g6 $17)) 26... Qxa5 $17 27. f5 $2 (27. gxh5 $17 {is a better defense.} Nf5 28. Nxf5 Bxf5 29. Qd2 (29. h6 $2 g6 $19)) 27... h4 $19 ({And not} 27... exf5 28. gxh5 Kh7 29. Qg5 $17) 28. Rh3 exf5 29. e6 fxe6 30. Nxe6 {[%emt 0:01:16] [#]} Rd7 31. Nd4 (31. Qd4 $17 Qb6 32. Qxb6 axb6 33. Nd4) 31... Qb6 ({Worse is} 31... Rdc7 32. gxf5 Rf8 33. Bg4 $17) (31... f4 $19 32. Qxf4 Ng6) 32. Rxh4 (32. Nxf5 $17 Qxe3+ 33. Rxe3) 32... f4 33. Qf2 Rdc7 34. Rh3 Ng6 35. g5 f3 36. Rxf3 Bxf3 37. Bxf3 Nf4 {[%emt 0:01:53] White must now prevent ...Nh3+.} 38. Qe3 Rf8 39. Bg4 Rcf7 40. Rf1 {[%emt 0:02:37][%cal Of1f4] Threatens to win with Rxf4!} Qd6 (40... g6 $19 {and Black stays clearly on top. aiming for ...a5.} 41. Kh1 Qc7) 41. Ne6 $17 {[%emt 0:35:25] [#] Prevents a5.} Re7 ({Black should try} 41... Qe7 $1 $17 {And now ...Ng6 would win.} 42. Rf3 d4 43. cxd4 Nd5 44. Rxf7 Rxf7) 42. Rxf4 $11 {[%emt 0:00:22] Dancing on a razor blade. The position is equal.} Rxf4 43. Qxf4 Rxe6 44. Bxe6+ Qxe6 {[%emt 0:00:00][%mdl 4096] Endgame KQ-KQ} 45. h4 Qe1+ 46. Kh2 Qxc3 47. h5 Qc2+ 48. Kg3 Qd3+ 49. Kf2 Qc2+ 50. Kg3 Qd3+ {[%emt 0:00:00] And White is the lucky defender.   Weighted Error Value: White=0.25 (precise) /Black=0.22 (precise)} 1/2-1/2